 Dungeon Crawl Stone Soup version 0.27-a0-1181-g5f64966fcc (webtiles) character file.

Game seed: 794840318982459022

18885 sizableburger the Transmogrifier (level 12, -11/101 HPs)
             Began as a Red Draconian Necromancer on May 17, 2021.
             Was an Elder of Vehumet.
             Mangled by a boulder beetle (53 damage)
             ... on level 3 of the Lair of Beasts on May 18, 2021.
             The game lasted 00:49:33 (18715 turns).

sizableburger the Transmogrifier (DrNe)            Turns: 18715, Time: 00:49:34

Health: -11/101    AC: 11    Str: 10    XL:     12   Next: 31%
Magic:  4/23       EV: 14    Int: 21    God:    Vehumet [****..]
Gold:   612        SH:  0    Dex: 12    Spells: 9/26 levels left

rFire    + . .     SeeInvis .   e - +2 dagger (elec)
rCold    . . .     Faith    .   (no shield)
rNeg     . . .     Spirit   .   (armour unavailable)
rPois    .         Reflect  .   (helmet restricted)
rElec    .         Harm     .   r - +2 cloak
rCorr    .         Rampage  .   (no gloves)
Will     +....                  (no boots)
Stlth    ++........             (no amulet)
HPRegen  0.26/turn              w - ring of willpower
MPRegen  0.18/turn              (no ring)

@: no status effects
A: breathe fire, AC +8, unfitting armour, fire resistance 1, cold-blooded
a: Breathe Fire, Renounce Religion


You were on level 3 of the Lair of Beasts.
You worshipped Vehumet.
Vehumet was greatly pleased with you.
You visited 2 branches of the dungeon, and saw 14 of its levels.
You also visited: Sewer.

You collected 612 gold pieces.

Inventory:

Hand Weapons
 e - a +2 dagger of electrocution (weapon)
Armour
 r - a +2 cloak (worn)
 C - a scarf of harm
Magical Staves
 y - a staff of earth
Jewellery
 w - a ring of willpower (left hand)
 F - a ring of ice
Wands
 c - a wand of polymorph (2)
 g - a wand of iceblast (16)
 l - a wand of acid (9)
 t - a wand of charming (4)
 E - a wand of flame (18)
 H - a wand of mindburst (4)
Scrolls
 a - a scroll of torment
 b - 2 scrolls of immolation
 d - 2 scrolls of amnesia
 n - 2 scrolls of fear
 p - a scroll of magic mapping
 x - 3 scrolls of enchant armour
 z - a scroll of acquirement {unknown}
 D - a scroll of teleportation
 G - 2 scrolls of enchant weapon {unknown}
Potions
 f - 6 potions of curing
 h - 3 potions of flight
 i - 4 potions of attraction
 j - 2 potions of magic
 k - 2 potions of mutation
 m - 2 potions of degeneration {unknown}
 o - 2 potions of heal wounds
 q - a potion of ambrosia {unknown}
 u - 3 potions of might {unknown}
 v - a potion of haste {unknown}
 A - a potion of invisibility {unknown}
 B - 2 potions of brilliance {unknown}
Miscellaneous
 s - a lightning rod (4/4)


   Skills:
 - Level 8.0 Fighting
 - Level 4.8 Short Blades
 + Level 6.5 Dodging
 - Level 1.7 Stealth
 - Level 7.6 Spellcasting
 + Level 8.4 Conjurations
 - Level 5.6 Necromancy
 + Level 8.5 Transmutations
 - Level 7.1 Fire Magic
 + Level 6.1 Earth Magic


You had 9 spell levels left.
You knew the following spells:

 Your Spells              Type           Power      Damage    Failure   Level
a - Pain                  Necr           100%       1d9       1%          1
b - Vampiric Draining     Necr           15%        2d8       2%          3
c - Irradiate             Conj/Tmut      21%        3d20      1%          5
d - Foxfire               Conj/Fire      100%       2x1d9     1%          1
e - Stone Arrow           Conj/Erth      76%        3d11      1%          3
f - Sticky Flame          Conj/Fire      40%        2d6       1%          4

Your spell library contained the following spells:

 Spells                   Type           Power      Damage    Failure   Level
 Animate Skeleton         Necr           62%        N/A       1%          1
 Magic Dart               Conj           100%       1d8       1%          1
 Sandblast                Erth           66%        2d15      1%          1
 Searing Ray              Conj           86%        3d6       1%          2
 Dazzling Flash           Conj/Hex       50%        N/A       1%          3
 Fireball                 Conj/Fire      20%        3d10      2%          5
 Fulminant Prism          Conj/Hex       12%        3d9       4%          4
 Iskenderun's Mystic Bla  Conj/Tloc      25%        2d7       4%          4
 Petrify                  Tmut/Erth      38%        N/A       4%          4
 Animate Dead             Necr           15%        N/A       8%          4
 Yara's Violent Unravell  Hex/Tmut       12%        3d7       11%         5
 Agony                    Necr           31%        N/A       22%         5
 Confusing Touch          Hex            8%         N/A       24%         3
 Gell's Gravitas          Tloc           4%         N/A       24%         3
 Blade Hands              Tmut           21%        N/A       36%         6
 Statue Form              Tmut/Erth      25%        N/A       52%         6
 Dragon Form              Tmut           21%        N/A       91%         7
 Metabolic Englaciation   Hex/Ice        4%         N/A       92%         5
 Shatter                  Erth           16%        3d16*     100%        9


Dungeon Overview and Level Annotations

Branches:
Dungeon (11/15)            Temple (0/1) D:6            Lair (3/6) D:8
  Swamp (0/4) Lair:2        Snake (0/4) Lair:2        Sewer (visited)
    Orc: D:9-12

Altars:
Ashenzari
Makhleb
Nemelex Xobeh
Sif Muna
Vehumet
Wu Jian
Xom
Yredelemnul
Zin
The Shining One
Beogh

Annotations:
D:3 derath95's ghost, amateur GrEE


Innate Abilities, Weirdness & Mutations

You can breathe blasts of fire.
Your fiery red scales are hard. (AC +8)
You cannot fit into any form of body armour.
Your flesh is heat resistant. (rF+)
You are cold-blooded and may be slowed by cold attacks.


Message History

The boulder beetle closely misses you.
The boulder beetle stops rolling and uncurls.
The basilisk bites you!
You hit the basilisk. Lightning courses through the basilisk!
The basilisk is severely wounded.
The basilisk burns!
The boulder beetle burns!
The boulder beetle barely misses you.
Unknown command.
You hit the basilisk.
You tail-slap the basilisk, but do no damage.
The basilisk is severely wounded.
The basilisk burns!
The boulder beetle burns!
The basilisk closely misses you. The boulder beetle bites you!!
Unknown command.
You closely miss the basilisk.
The basilisk is almost dead.
The basilisk gazes at you. You resist with almost no effort.
You hit the basilisk.
You tail-slap the basilisk, but do no damage.
The basilisk is almost dead.
The basilisk burns!
The boulder beetle burns!
The boulder beetle stops burning.
The boulder beetle barely misses you.
You hit the basilisk but do no damage.
The basilisk is almost dead.
The basilisk burns!
You kill the basilisk!
Vehumet accepts your kill.
You feel your power returning. The boulder beetle bites you.
Unknown command.
You hit the boulder beetle but do no damage.
Lightning courses through the boulder beetle!
The boulder beetle is severely wounded.
The boulder beetle bites you!!
* * * LOW HITPOINT WARNING * * *
Unknown command.
The boulder beetle curls into a ball and begins rolling!
You feel much better. The boulder beetle hits you!!!
Ouch! That really hurt!
You die...

≈. ...............#
≈≈≈≈P.. ..P###.......##
≈≈≈≈≈.. #.. ###÷....#
≈≈≈≈≈..###.# #.....#
≈≈≈≈......## #.....# ≈
≈≈≈.......# ##÷....#
...##......#####.÷....#
...........P##.÷#.....#
.......$.....@.†......#
.....##+#...B..........#
... .......○...........#
. ......°............#
..#...................
......................
.........##.#.......
..#......###.......
#......# #.....


You could see a boulder beetle (rolling).

Vanquished Creatures
  Fannar (Lair:2)
  A catoblepas (Lair:2)
  2 bog bodies (Lair:2)
  4 oklob plants (Lair:2)
  3 elephants (Lair:3)
  A black mamba (Lair:2)
  3 cane toads
  An unseen horror (D:5)
  A rime drake (Lair:3)
  5 komodo dragons
  2 polar bears (Lair:2)
  A troll (D:9)
  A hornet (D:7)
  4 blink frogs (Lair:1)
  A wyvern (Lair:2)
  18 yaks
  Sigmund (D:2)
  2 steam dragons
  2 basilisks
  4 nagas (Lair:2)
  A swamp worm (Lair:2)
  Edmund (D:4)
  4 water moccasins
  2 hydra simulacra (Lair:1)
  A sky beast (D:5)
  Purgy (Sewer)
  2 orc warriors
  2 ice beasts
  2 black bears
  A necrophage (D:7)
  20 wolves
  A phantom (D:4)
  2 centaurs
  A kobold brigand (D:8)
  8 bullfrogs
  A wyvern zombie (D:8)
  A gnoll sergeant (D:6)
  A cane toad simulacrum (Lair:1)
  2 scorpions
  2 howler monkeys
  2 electric eels
  A crimson imp (D:4)
  2 hounds
  A bullfrog skeleton (D:5)
  A gnoll shaman (D:6)
  A jelly (D:5)
  A bullfrog zombie (D:6)
  4 orc priests
  Crazy Yiuf (D:2)
  Jessica (D:3)
  Ijyb (D:3)
  6 iguanas
  4 orc wizards
  A wolf simulacrum (Lair:1)
  A hound zombie (D:5)
  Robin (D:3)
  8 gnolls (D:6)
  9 adders
  3 shadow imps
  A worm (D:3)
  39 orcs
  8 ball pythons
  9 endoplasms
  6 giant cockroaches
  14 goblins
  16 hobgoblins
  7 jackals
  15 kobolds
  2 quokkas (D:4)
  2 bats
  2 frilled lizards
  3 rats
287 creatures vanquished.

Vanquished Creatures (collateral kills)
  6 foxfires
6 creatures vanquished.

Vanquished Creatures (others)
  328 foxfires
  7 fungi
  14 plants
  A withered plant (D:3)
350 creatures vanquished.

Grand Total: 643 creatures vanquished

Notes
Turn   | Place    | Note
-------+----------+-------------------------------------------
     0 | D:1      | sizableburger the Draconian Necromancer began the quest for
                  | the Orb.
     0 | D:1      | Reached XP level 1. HP: 14/14 MP: 3/3
   243 | D:1      | Reached XP level 2. HP: 8/22 MP: 0/5
   259 | D:1      | Reached skill level 1 in Fighting
  1371 | D:2      | Noticed Sigmund
  1831 | D:2      | Reached XP level 3. HP: 26/28 MP: 3/6
  1916 | D:2      | Found a runed translucent door.
  1917 | D:2      | Noticed Crazy Yiuf
  1923 | D:2      | Learned a level 3 spell: Vampiric Draining
  1930 | D:2      | Killed Crazy Yiuf
  1931 | D:2      | Reached skill level 1 in Short Blades
  2152 | D:2      | Killed Sigmund
  2153 | D:2      | Reached skill level 5 in Necromancy
  2153 | D:2      | Reached XP level 4. HP: 8/38 MP: 3/7
  2153 | D:2      | Reached XP level 5. HP: 10/45 MP: 3/8
  2993 | D:3      | Found a broken altar of Ashenzari.
  3056 | D:3      | Found a radiant altar of Vehumet.
  3108 | D:3      | Became a worshipper of Vehumet
  3110 | D:3      | Noticed a centaur
  3118 | D:3      | Killed a centaur
  3119 | D:3      | Reached XP level 6. HP: 42/52 MP: 9/9
  3144 | D:3      | Noticed Ijyb
  3169 | D:3      | Killed Ijyb
  3443 | D:3      | Noticed Jessica
  3449 | D:3      | Killed Jessica
  3458 | D:3      | Reached * piety under Vehumet
  3458 | D:3      | Offered knowledge of Magic Dart by Vehumet.
  3459 | D:3      | Noticed Robin
  3464 | D:3      | Killed Robin
  3510 | D:3      | Learned a level 1 spell: Magic Dart
  3520 | D:3      | Found a runed translucent door.
  3557 | D:3      | Noticed a vampire
  3557 | D:3      | Noticed derath95's ghost (amateur GrEE)
  3835 | D:3      | Found a basalt altar of Yredelemnul.
  4117 | D:4      | Reached skill level 1 in Conjurations
  4117 | D:4      | Your scales start taking on a fiery red colour.
  4117 | D:4      | Reached XP level 7. HP: 15/59 MP: 9/11
  4117 | D:4      | Gained mutation: Your flesh is heat resistant. (rF+) [Red
                  | Draconian growth]
  4528 | D:4      | Found an ornate altar of the Wu Jian Council.
  4549 | D:4      | Noticed Edmund
  4575 | D:4      | Killed Edmund
  4938 | D:4      | Found a burning altar of Makhleb.
  4953 | D:4      | Found a shimmering altar of Xom.
  5177 | D:5      | Entered Level 5 of the Dungeon
  5297 | D:5      | Killed an unseen horror
  5298 | D:5      | Reached XP level 8. HP: 26/66 MP: 2/14
  5632 | D:5      | Found a glowing drain.
  5655 | Sewer    | Entered a sewer
  5740 | Sewer    | Noticed Purgy
  5747 | Sewer    | Killed Purgy
  5747 | Sewer    | Offered knowledge of Foxfire by Vehumet.
  5751 | Sewer    | Learned a level 1 spell: Foxfire
  5778 | Sewer    | Reached ** piety under Vehumet
  5820 | D:5      | Reached skill level 1 in Fire Magic
  6134 | D:5      | Learned a level 2 spell: Searing Ray
  6377 | D:5      | Found a runed translucent door.
  6705 | D:5      | Reached skill level 5 in Spellcasting
  6736 | D:5      | Reached skill level 5 in Fighting
  6751 | D:5      | Offered knowledge of Ignite Poison by Vehumet.
  6796 | D:5      | Identified the +10 hunting sling of Popular Demand {venom,
                  | rCorr Dex+4}
  7304 | D:6      | Learned a level 5 spell: Irradiate
  7387 | D:6      | Reached skill level 1 in Transmutations
  7387 | D:6      | Reached XP level 9. HP: 69/75 MP: 12/17
  7426 | D:6      | Reached *** piety under Vehumet
  7637 | D:6      | Found a staircase to the Ecumenical Temple.
  7728 | D:6      | Found a glowing silver altar of Zin.
  7898 | D:6      | Found a shimmering blue altar of Sif Muna.
  7898 | D:6      | Found a glowing golden altar of the Shining One.
  8174 | D:7      | Reached skill level 5 in Fire Magic
  8233 | D:7      | Paralysed by a hornet for 2 turns
  8485 | D:7      | Offered knowledge of Sticky Flame by Vehumet.
  8494 | D:7      | Learned a level 4 spell: Sticky Flame
  8751 | D:7      | Identified the +2 leather armour of Gluttony {Dex+5}
  9566 | D:9      | Noticed a troll
  9573 | D:9      | Killed a troll
  9653 | D:9      | Reached XP level 10. HP: 38/88 MP: 19/19
 10455 | D:8      | Reached skill level 5 in Transmutations
 10571 | D:8      | You fall into a shaft and drop 3 floors!
 10627 | D:10     | Entered Level 10 of the Dungeon
 11011 | D:8      | Found a staircase to the Lair.
 11062 | D:8      | Reached **** piety under Vehumet
 11660 | Lair:1   | Entered Level 1 of the Lair of Beasts
 11899 | Lair:1   | Reached skill level 5 in Conjurations
 11917 | Lair:1   | Offered knowledge of Stone Arrow by Vehumet.
 12285 | Lair:1   | Found a transporter.
 12292 | Lair:1   | Learned a level 3 spell: Stone Arrow
 12651 | Lair:1   | Reached skill level 1 in Earth Magic
 12984 | Lair:1   | Found a transporter.
 13045 | Lair:1   | Reached XP level 11. HP: 59/94 MP: 12/22
 13283 | Lair:1   | Found a sparkling altar of Nemelex Xobeh.
 13934 | Lair:1   | Identified the Almanac of Ashen Ignition
 14088 | Lair:2   | Found a staircase to the Snake Pit.
 14644 | Lair:2   | Noticed a catoblepas
 14674 | Lair:2   | Killed a catoblepas
 15401 | Lair:2   | Noticed an oklob plant
 15401 | Lair:2   | Noticed an oklob plant
 15627 | Lair:2   | Noticed an oklob plant
 15756 | Lair:2   | Noticed Fannar
 15777 | Lair:2   | Killed Fannar
 15778 | Lair:2   | Reached skill level 5 in Dodging
 15869 | Lair:2   | Noticed an oklob plant
 16298 | Lair:2   | Killed an oklob plant
 16300 | Lair:2   | Killed an oklob plant
 16543 | Lair:2   | Killed an oklob plant
 16705 | Lair:2   | Killed an oklob plant
 16706 | Lair:2   | Reached skill level 5 in Earth Magic
 16718 | Lair:2   | Identified the +8 long sword "Jauc" {speed, Str+4 Int+4}
 17275 | Lair:2   | Reached XP level 12. HP: 67/101 MP: 20/23
 17696 | Lair:2   | Found a staircase to the Swamp.
 18685 | Lair:3   | Noticed a boulder beetle
 18715 | Lair:3   | Mangled by a boulder beetle

Illustrated notes

Levels and vault maps discovered:
D:1:      dpeg_arrival_simpleton_c, layout_loops_corners
D:2:      layout_loops_ring, guppyfry_early_lair_pool, uniq_sigmund,
          uniq_crazy_yiuf_cottage
D:3:      layout_basic, yredelemnul_altar_generic, lemuel_crystal_altar,
          cheibrodos_ashenzari_chains, ebering_ghost_inner_flame,
          hex_intersection, guppyfry_early_orc_mine, uniq_jessica, uniq_ijyb,
          uniq_robin
D:4:      layout_rooms, grunt_temple_overflow_champion_of_chaos,
          nzn_wu_jian_contemplation, corexii_item_surrounded_by_moat,
          uniq_edmund
D:5:      layout_layer_cave, cheibrodos_sewer_entry_drain,
          lightli_church_of_beogh
D:6:      layout_loops_ring, old_standard_altar,
          gammafunk_temple_overflow_elements, minmay_temple_entry_mini_moons
D:7:      layout_loops_ring, serial_co_window_serial, co_window_paths_a,
          co_window_paths_a, co_window_paths_b, co_window_paths_a,
          co_window_corner_a, co_window_of_opportunity_a, co_window_paths_a,
          co_window_2corner, co_window_corner_b, co_window_broadway_c,
          co_window_broadway_a, co_window_broadway_a, co_window_corner_b,
          co_window_paths_d, glass_columns_a, glass_columns_a, glass_columns_a,
          glass_columns_a, glass_columns_b
D:8:      layout_loops_cross, lair_entry_dummy, hangedman_decor_push
D:9:      layout_irregular_city, serial_shops, shop
D:10:     lemuel_troll_bridge, layout_gridville, hiddenorc1_lemuel,
          kb_lookout_dungeons_type, glass_columns_a, grunt_decor_mini_mirrors,
          kennysheep_small_spiral, serial_bayou_crossing, uniq_sonja, uniq_urug,
          uniq_grum
D:11:     layout_gridville, grunt_decor_clamped
Lair:1:   gammafunk_cloud_chamber, layout_cave_pods, basic_altar,
          hangedman_lair_unloving_vines
Lair:2:   layout_gridlike, nicolae_swamp_entry_splash_gauntlet,
          minmay_snake_entry_guardpost_small, minmay_lair_oklob_chamber,
          uniq_fannar
Lair:3:   layout_chaotic_city, serial_bayou_shore_a, infiniplex_staircase_pool,
          grunt_megastairs_2, serial_bayou_shore_b

Skill      XL: |  1  2  3  4  5  6  7  8  9 10 11 12 |
---------------+-------------------------------------+-----
Dodging        | 2 3 5 6 |  6.5
Fighting       | 1 3 4 5 7 8 |  8.0
Short Blades   | 2 3 4 |  4.8
Necromancy     | 5 |  5.6
Conjurations   | 1 3 5 7 8 |  8.4
Spellcasting   | 4 5 6 7 |  7.6
Fire Magic     | 4 6 7 |  7.1
Transmutations | 1 4 6 7 8 |  8.5
Earth Magic    | 1 5 6 |  6.1
Stealth        | |  1.7

Action                   |  1- 3 |  4- 6 |  7- 9 | 10-12 || total
-------------------------+-------+-------+-------+-------++-------
Melee: Unarmed           |    25 |       |       |       ||    25
       Tailslap          |     4 |    12 |    20 |    21 ||    57
       Dagger            |    23 |   141 |   232 |   195 ||   591
       Short sword       |     1 |       |       |       ||     1
 Cast: Pain              |    39 |    19 |    25 |     2 ||    85
       Vampiric Draining |     2 |     1 |    17 |    15 ||    35
       Magic Dart        |       |     1 |     6 |       ||     7
       Foxfire           |       |       |    32 |   153 ||   185
       Searing Ray       |       |       |     5 |     1 ||     6
       Irradiate         |       |       |       |    17 ||    17
       Stone Arrow       |       |       |       |    21 ||    21
       Sticky Flame      |       |       |       |    26 ||    26
 Abil: Breathe Fire      |       |       |    12 |    16 ||    28
Evoke: Wand              |       |       |     6 |     1 ||     7
  Use: Scroll            |     1 |     8 |    10 |     5 ||    24
       Potion            |     2 |       |       |     2 ||     4
 Stab: Sleeping          |     1 |     2 |     7 |     1 ||    11
Armor: Skin              |    23 |    34 |    87 |    73 ||   217
Dodge: Dodged            |    34 |    61 |   133 |   197 ||   425

Table legend: (Time is in decaauts)
 A = Elapsed time spent in this place.
 B = Non-inter-level travel time spent in this place.
 C = Inter-level travel time spent in this place.
 D = Time resting spent in this place.
 E = Time spent auto-exploring this place.
 F = Levels seen in this place.
 G = Mean time per level.
                   A        B        C        D        E       F      G
               +--------+--------+--------+--------+--------+-----+--------+
         Total |  18601 |  17792 |    809 |   6370 |   9099 |  15 | 1240.1 |
       Dungeon |  11441 |  10802 |    639 |   2555 |   6727 |  11 | 1040.1 |
          Lair |   7025 |   6855 |    170 |   3815 |   2282 |   3 | 2341.7 |
         Sewer |    134 |    134 |      0 |      0 |     90 |   1 |  134.0 |
               +--------+--------+--------+--------+--------+-----+--------+

Top non-repeatable levels by time:
  Lair:2: 3657 daAuts
  Lair:1: 2765 daAuts
     D:5: 1756 daAuts
     D:1: 1573 daAuts
     D:7: 1330 daAuts
     D:3: 1278 daAuts
     D:2: 1272 daAuts
     D:8: 1161 daAuts
     D:4: 1026 daAuts
     D:6: 1008 daAuts
     D:9: 940 daAuts
  Lair:3: 601 daAuts
   Sewer: 134 daAuts
    D:11: 55 daAuts
    D:10: 37 daAuts
